 Dungeon Crawl Stone Soup version 0.16.1-28-gcc2312f (webtiles) character file.

1157 DevDT the Skirmisher (level 8, -4/65 HPs)
             Began as a Demonspawn Wanderer on May 30, 2015.
             Slain by a wyvern zombie (6 damage)
             ... on level 6 of the Dungeon.
             The game lasted 00:30:21 (6356 turns).

DevDT the Skirmisher (Demonspawn Wanderer)          Turns: 6356, Time: 00:30:21

Health: -4/65      AC:  6    Str: 17    XL:     8   Next: 16%
Magic:  0/8        EV: 11    Int: 12    God:
Gold:   94         SH:  0    Dex: 12    Spells: 0 memorised, 7 levels left

rFire  + . .     SeeInvis .     z - +0 quarterstaff (distort)
rCold  . . .     Clarity  .     i - +1 ring mail
rNeg   . . .     SustAb   .     (no shield)
rPois  +         Gourm    .     (no helmet)
rElec  .         Spirit   +     (no cloak)
rCorr  .         Warding  .     (no gloves)
rMut   .         Stasis   .     (no boots)
MR     .....                    (no amulet)
Stlth  +.........               (no ring)
                                l - ring of poison resistance

@: not resistant to hostile enchantments, very unstealthy
A: hooves 1, fire resistance 1, magic shield, flame cloud immunity
a: no special abilities


You were on level 6 of the Dungeon.
You were not hungry.

You visited 1 branch of the dungeon, and saw 6 of its levels.

You collected 184 gold pieces.
You spent 90 gold pieces at shops.

Inventory:

Hand weapons
 a - a +2 shortbow
 g - a +0 dagger
 t - a +0 short sword
 z - a +0 quarterstaff of distortion (weapon)
 A - a +0 quarterstaff
Missiles
 d - 9 arrows
 s - 10 poisoned needles
Armour
 b - a +0 ring mail
 i - a +1 ring mail (worn)
Jewellery
 l - a ring of poison resistance (left hand)
Magical devices
 n - a wand of draining (0)
 y - a wand of invisibility (3)
 B - a wand of random effects (16)
Scrolls
 c - 4 scrolls of teleportation
 k - 4 scrolls of remove curse
 m - 4 scrolls of identify
 u - a scroll of recharging {unknown}
 v - a scroll of immolation {unknown}
 w - a scroll of blinking {unknown}
 x - a scroll of noise {unknown}
 C - a scroll of fog {unknown}
 E - a scroll of enchant armour
 G - a scroll of amnesia {unknown}
Potions
 e - 2 potions of curing
 h - 2 potions of agility
 q - a potion of might {unknown}
 D - a potion of heal wounds {unknown}
Comestibles
 f - 4 bread rations
 j - 3 meat rations
 o - 5 chunks of flesh
 p - a royal jelly
 r - 2 fruits


   Skills:
 + Level 6.9 Fighting
   Level 1.7 Axes
 + Level 3.6 Staves
 - Level 5.1 Bows
 - Level 3.1 Dodging
 - Level 1.0 Stealth
   Level 1.0 Shields
 + Level 0.6 Unarmed Combat


You had 7 spell levels left.
You didn't know any spells.

Dungeon Overview and Level Annotations

Branches:
Dungeon (6/15)
 Temple: D:4-7

Altars:
Ru
Zin

Shops:
D:4 *

Annotations:
D:3 CcS's ghost, weakling DsGl


Innate Abilities, Weirdness & Mutations

You have large cloven feet.
Your flesh is heat resistant.
When hurt, damage is shared between your health and your magic reserves.
You are immune to clouds of flame.


Message History

A wyvern zombie is nearby!
The wyvern zombie bites you!
* * * LOW HITPOINT WARNING * * *
Drink which item? (? for menu, Esc to quit)
You feel better. The wyvern zombie bites you!
* * * LOW HITPOINT WARNING * * *
The wyvern zombie bites you.
* * * LOW HITPOINT WARNING * * *
The wyvern zombie bites you.
* * * LOW HITPOINT WARNING * * *
You sock the wyvern zombie!
Space bends around the wyvern zombie.
The wyvern zombie barely misses you.
You hit the wyvern zombie.
Space warps horribly around the wyvern zombie!
You kick the wyvern zombie, but do no damage.
The wyvern zombie bites you!
* * * LOW HITPOINT WARNING * * *
You hit the wyvern zombie.
Space bends around the wyvern zombie.
The wyvern zombie bites you!
You die...

..# ............# ###
...# .###.....##.## #..
..##.####...###... ...
...#..........#### #.#
...........##.# ## #.#
#.#........##.# #. #.#
#..#.########.####
#..#####.####..#.# #.....
#...........Z@.#.# ######
#.######.#####...#######
#.######.###...........#
#.).รท[..........#.####.#
.....######.###.#.###.##
# ####. #.# #..##
##.##.####### #. ..# #.##
##.......... .o ####
#..## ##.##........ #.
###.###.....#######


You could see a wyvern zombie.

Vanquished Creatures
  An orc warrior (D:6)
  4 giant frogs (D:6)
  A scorpion (D:6)
  A crimson imp (D:5)
  5 hounds
  An iguana (D:4)
  3 orc priests
  A centaur skeleton (D:5)
  3 worker ants
  3 adders
  7 gnolls
  2 worms (D:2)
  A giant mite (D:2)
  An adder skeleton (D:5)
  5 giant geckos
  16 orcs
  2 ball pythons (D:1)
  9 bats
  2 bat skeletons
  3 giant cockroaches
  9 hobgoblins
  9 jackals
  13 kobolds
  A quokka (D:2)
  3 giant newts
  11 goblins
  A jackal zombie (D:5)
  9 rats
  A ballistomycete (D:5)
128 creatures vanquished.

Vanquished Creatures (others)
  A centaur (D:5)
  An ogre (D:6)
  2 orcs (D:5)
  A giant spore (D:5)
5 creatures vanquished.

Grand Total: 133 creatures vanquished

Notes
Turn   | Place    | Note
--------------------------------------------------------------
     0 | D:1      | DevDT, the Demonspawn Wanderer, began the quest for the Orb.
     0 | D:1      | DevDT set off with: a +2 shortbow, a +0 ring mail, a scroll of teleportation, 27 arrows, a bread ration
     0 | D:1      | Reached XP level 1. HP: 19/19 MP: 1/1
   114 | D:1      | Gained mutation: When hurt, damage is shared between your health and your magic reserves. [demonic ancestry]
   114 | D:1      | Reached XP level 2. HP: 18/25 MP: 2/2
   752 | D:1      | Gained mutation: You have large cloven feet. [demonic ancestry]
   752 | D:1      | Reached XP level 3. HP: 27/32 MP: 3/3
  1012 | D:2      | Reached skill level 5 in Fighting
  1200 | D:2      | Reached XP level 4. HP: 9/39 MP: 0/4
  1719 | D:2      | Gained mutation: Your flesh is heat resistant. [demonic ancestry]
  1719 | D:2      | Reached XP level 5. HP: 44/44 MP: 5/5
  2367 | D:2      | Found a sacrificial altar of Ru.
  2575 | D:3      | Noticed CcS's ghost (weakling DsGl)
  3674 | D:4      | Reached XP level 6. HP: 48/52 MP: 6/6
  4006 | D:4      | Found Retess' Assorted Antiques.
  4489 | D:4      | Noticed an ogre
  4641 | D:5      | Entered Level 5 of the Dungeon
  4648 | D:5      | Reached skill level 6 in Fighting
  4648 | D:5      | Reached skill level 5 in Bows
  5258 | D:5      | Reached skill level 1 in Dodging
  5314 | D:5      | Reached skill level 1 in Staves
  5314 | D:5      | Reached XP level 7. HP: 58/58 MP: 7/7
  5808 | D:6      | Found Zin's Purification Station.
  5812 | D:6      | Found a glowing silver altar of Zin.
  5815 | D:6      | Bought a potion of curing for 90 gold pieces
  6309 | D:6      | Gained mutation: You are immune to clouds of flame. [demonic ancestry]
  6309 | D:6      | Reached XP level 8. HP: 48/65 MP: 6/8
  6355 | D:6      | HP: 2/65 [wyvern zombie (9)]
  6356 | D:6      | Slain by a wyvern zombie

Action                   |  1- 3 |  4- 6 |  7- 9 || total
-------------------------+-------+-------+-------++-------
Melee: Dagger            |   144 |    48 |       ||   192
       Short sword       |    37 |   305 |       ||   342
       Quarterstaff      |       |    73 |    82 ||   155
 Fire: Shortbow          |    36 |    74 |       ||   110
Evoke: Wand              |       |     3 |       ||     3
  Use: Scroll            |       |       |     5 ||     5
       Potion            |       |       |     1 ||     1
  Eat: Chunk             |     1 |    14 |     3 ||    18
